 Dungeon Crawl Stone Soup version 0.23.2-1-ga50397a (webtiles) character file.

Game seed: 4155194596325025646

7438 Iscandelvey the Quickloader (level 10, 0/65 HPs)
             Began as a Demonspawn Arcane Marksman on Apr 27, 2019.
             Was a Priest of Kikubaaqudgha.
             Slain by a freezing wraith (1 damage)
             ... in an ice cave.
             The game lasted 01:36:14 (13954 turns).

Iscandelvey the Quickloader (DsAM)                 Turns: 13954, Time: 01:36:16

Health: 0/65       AC: 16    Str: 14    XL:     10   Next: 93%
Magic:  20/20      EV: 15    Int: 22    God:    Kikubaaqudgha [***...]
Gold:   360        SH:  5    Dex: 14    Spells: 8/22 levels left

rFire    + . .     SeeInvis .   T - +6 rapier (venom)
rCold    . . .     Gourm    .   I - +0 buckler
rNeg     . . .     Faith    .   p - +1 robe of Resourcefulness {rF+ MR+ Str+3}
rPois    .         Spirit   .   r - +0 helmet
rElec    .         Reflect  .   i - +0 cloak
rCorr    .         Harm     .   (no gloves)
MR       +....                  k - +0 pair of boots
Stlth    +.........             c - amulet of magic regeneration
HPRegen  0.20/turn              L - +5 ring of intelligence
MPRegen  0.42/turn              q - +2 ring of slaying

@: sanguine armour, slowed, very slow
A: claws 1, powered by death 1, spiny 1, sanguine armour 2
a: Receive Corpses, Renounce Religion


You were in an ice cave.
You worshipped Kikubaaqudgha.
Kikubaaqudgha was most pleased with you.
You were hungry.

You visited 3 branches of the dungeon, and saw 12 of its levels.
You also visited: Ossuary and Ice Cave.

You collected 360 gold pieces.

Inventory:

Hand Weapons
 a - a +0 hand crossbow
 s - a +0 spear
 D - a +0 war axe of electrocution
 G - a +1 hand axe of chopping
 T - a +6 rapier of venom (weapon)
Missiles
 d - 74 bolts
 t - 10 tomahawks (quivered)
 Q - 93 arrows
 W - 2 throwing nets
Armour
 i - a +0 cloak (worn)
 k - a +0 pair of boots (worn)
 m - a +2 ring mail of cold resistance
 p - the +1 robe of Resourcefulness (worn) {rF+ MR+ Str+3}
   (You found it on level 9 of the Dungeon)

   It affects your strength (+3).
   It protects you from fire.
   It affects your resistance to hostile enchantments.
 r - a +0 helmet (worn)
 I - a +0 buckler (worn)
Jewellery
 c - an amulet of magic regeneration (around neck)
 n - an uncursed ring of protection from magic
 q - a +2 ring of slaying (right claw)
 L - a +5 ring of intelligence (left claw)
 X - an uncursed amulet of guardian spirit
Wands
 e - a wand of digging (7)
 H - a wand of flame (7)
 P - a wand of scattershot (4)
 U - a wand of polymorph (5)
Scrolls
 b - 6 scrolls of teleportation
 y - 3 scrolls of identify
 C - 6 scrolls of remove curse
Potions
 j - a potion of mutation {unknown}
 l - 2 potions of brilliance {unknown}
 o - a potion of resistance {unknown}
 w - 3 potions of flight {unknown}
 z - 3 potions of degeneration {unknown}
 A - 5 potions of lignification
 F - 2 potions of might {unknown}
 J - a potion of ambrosia {unknown}
 N - a potion of heal wounds
 Y - 2 potions of berserk rage {unknown}
Comestibles
 f - 9 rations
 u - a chunk of flesh


   Skills:
 - Level 1.0 Fighting
 * Level 8.1 Crossbows
 - Level 0.1 Throwing
 - Level 5.0 Armour
 + Level 5.8 Dodging
 - Level 4.0 Shields
 * Level 6.7 Spellcasting
 - Level 5.5 Hexes
 * Level 6.2 Necromancy
 * Level 2.6 Transmutations


You had 8 spell levels left.
You knew the following spells:

 Your Spells              Type           Power        Failure   Level  Hunger
a - Corona                Hex            ####...      1%          1    None
b - Slow                  Hex            ####....     1%          2    None
c - Sticks to Snakes      Tmut           ###.....     4%          2    None
d - Vampiric Draining     Necr           ####......   1%          3    #......
e - Sublimation of Blood  Necr           ####......   1%          2    None
f - Animate Dead          Necr           N/A          6%          4    ###....

Your spell library contained the following spells:

 Spells                   Type           Power        Failure   Level  Hunger
 Animate Skeleton         Necr           N/A          1%          1    None
 Pain                     Necr           ####         1%          1    None
 Beastly Appendage        Tmut           ###...       3%          1    None
 Magic Dart               Conj           #...         9%          1    None
 Dazzling Spray           Conj/Hex       ###...       9%          3    #......
 Inner Flame              Hex/Fire       ###.....     9%          3    #......
 Portal Projectile        Hex/Tloc       ###...       9%          3    #......
 Cause Fear               Hex            ####......   9%          4    ###....
 Searing Ray              Conj           #.....       13%         2    None
 Spider Form              Tmut/Pois      ##........   16%         3    #......
 Dispel Undead            Necr           ####....     19%         5    #####..
 Fulminant Prism          Conj/Hex       ###.......   26%         4    ###....
 Leda's Liquefaction      Hex/Erth       ###.......   26%         4    ###....
 Ice Form                 Ice/Tmut       ##......     45%         4    ###....
 Excruciating Wounds      Chrm/Necr      ###.......   54%         5    #####..
 Force Lance              Conj/Tloc      #.......     63%         4    ###....
 Iskenderun's Mystic Bla  Conj           #.......     63%         4    ###....
 Blade Hands              Tmut           ###.......   63%         5    #####..
 Death Channel            Necr           ####......   69%         6    ######.
 Simulacrum               Ice/Necr       ###.......   98%         6    ######.


Dungeon Overview and Level Annotations

Branches:
Dungeon (10/15)            Temple (1/1) D:6            Lair (1/6) D:10
    Orc: D:9-12

Altars:
Elyvilon
Gozag
Kikubaaqudgha
Nemelex Xobeh
Okawaru
Trog
Vehumet
Wu Jian
Zin


Innate Abilities, Weirdness & Mutations

You have sharp fingernails.
You regenerate a little health from kills.
You are partially covered in sharp spines.
When seriously injured, your bleeding wounds create thick armour. (AC +9)


Message History

The freezing wraith drains your vigour!
You feel as though you will be slow longer.
The freezing wraith barely misses you. The freezing wraith hits you!
The freezing wraith drains your vigour!
You feel as though you will be slow longer.
Your polar bear zombie closely misses the freezing wraith.
Your polar bear zombie claws the freezing wraith but does no damage.
Your polar bear zombie closely misses the freezing wraith.
The freezing wraith misses you. The freezing wraith hits you.
The freezing wraith is struck by your spines.
The freezing wraith hits you. The freezing wraith freezes you!!
* * * LOW HITPOINT WARNING * * *
The freezing wraith closely misses you.
You feel much better.
The freezing wraith is struck by your spines.
The freezing wraith hits you! The freezing wraith freezes you!!
* * * LOW HITPOINT WARNING * * *
The freezing wraith hits you.
You die...
Kikubaaqudgha rasps: "You have failed me!
Welcome... death!"

###### ##....###
#.......#
##..###...#
##.Z###...#
##WW###W..# #.@.#
#...# ##### ##..#
#... ####...###
###...# #..
##........###....##
##
#...............##
.............####
............##
#..........##
##.#....#.##


You could see 2 freezing wraiths and a friendly polar bear zombie.

Vanquished Creatures
  Harold (D:8)
  An ugly thing (D:8)
  A black mamba (Lair:1)
  A centaur skeleton (D:10)
  A troll (D:9)
  A hippogriff (D:7)
  A wyvern (D:9)
  A steam dragon (D:8)
  Duvessa (D:7)
  5 orc warriors
  5 ice beasts
  3 phantoms
  A necrophage (D:7)
  6 ogres
  A centaur (D:6)
  2 bullfrogs
  2 elf zombies (Ossuary)
  Blork the orc (D:7)
  A water moccasin zombie (D:7)
  Dowan (D:7)
  2 scorpions
  6 killer bees (D:7)
  2 vampire bats (D:4)
  2 wights
  3 howler monkeys
  4 crimson imps
  3 centaur zombies
  6 jellies
  5 hounds
  2 bullfrog skeletons
  A human zombie (Ossuary)
  4 orc priests
  11 orc wizards
  2 iguanas
  Ijyb (D:3)
  3 worker ants
  A killer bee zombie (D:8)
  A hound zombie (D:7)
  A hound skeleton (D:4)
  2 mummies (Ossuary)
  Robin (D:2)
  9 adders
  14 gnolls
  A howler monkey skeleton (D:6)
  3 shadow imps
  11 white imps
  An ooze (D:2)
  3 adder zombies (Ossuary)
  2 adder skeletons
  6 worms
  A dart slug (D:2)
  7 leopard geckos
  27 orcs
  3 ball pythons
  3 bats
  A bat skeleton (D:4)
  4 bat zombies (D:4)
  4 giant cockroaches
  18 goblins
  6 hobgoblins
  5 jackals
  7 kobolds
  5 quokkas
  7 frilled lizards
  4 goblin zombies (Ossuary)
  5 hobgoblin zombies (Ossuary)
  A jackal zombie (Ossuary)
  6 kobold zombies (Ossuary)
  A leopard gecko skeleton (D:6)
  13 orc zombies (Ossuary)
  2 quokka zombies
  6 rats
286 creatures vanquished.

Vanquished Creatures (collateral kills)
  A wolf spider simulacrum (IceCv)
  A death yak simulacrum (IceCv)
  An ice beast (IceCv)
  An elephant simulacrum (IceCv)
  A polar bear simulacrum (IceCv)
  6 white imps
11 creatures vanquished.

Vanquished Creatures (others)
  2 fungi (Lair:1)
  2 plants (D:1)
  3 toadstools (Lair:1)
7 creatures vanquished.

Grand Total: 304 creatures vanquished

Notes
Turn   | Place    | Note
-------+----------+-------------------------------------------
     0 | D:1      | Iscandelvey the Demonspawn Arcane Marksman began the quest
                  | for the Orb.
     0 | D:1      | Reached XP level 1. HP: 15/15 MP: 2/2
    77 | D:1      | Reached skill level 2 in Crossbows
    96 | D:1      | Gained mutation: You regenerate a little health from kills.
                  | [demonic ancestry]
    96 | D:1      | Reached XP level 2. HP: 11/21 MP: 3/3
   107 | D:1      | Learned a level 2 spell: Slow
  1064 | D:1      | Gained mutation: When seriously injured, your bleeding
                  | wounds create armour. (AC +9) [demonic ancestry]
  1064 | D:1      | Reached XP level 3. HP: 26/26 MP: 4/4
  1331 | D:2      | Found an iron altar of Okawaru.
  1508 | D:2      | Found a faded altar of an unknown god.
  1766 | D:2      | Noticed Robin
  2125 | D:2      | Killed Robin
  2409 | D:2      | Found a sparkling altar of Nemelex Xobeh.
  2427 | D:2      | Gained mutation: When seriously injured, your bleeding
                  | wounds create thick armour. (AC +9) [demonic ancestry]
  2427 | D:2      | Reached XP level 4. HP: 32/32 MP: 1/6
  3006 | D:3      | Noticed Ijyb
  3060 | D:3      | Paralysed by Ijyb for 3 turns
  3071 | D:3      | Paralysed by Ijyb for 6 turns
  3083 | D:3      | Paralysed by Ijyb for 7 turns
  3094 | D:3      | Killed Ijyb
  3094 | D:3      | Reached skill level 3 in Crossbows
  3471 | D:3      | Reached skill level 1 in Armour
  3471 | D:3      | Gained mutation: You are partially covered in sharp spines.
                  | [demonic ancestry]
  3471 | D:3      | Reached XP level 5. HP: 24/37 MP: 7/7
  3994 | D:4      | Found a radiant altar of Vehumet.
  3994 | D:4      | Noticed an ogre
  4181 | D:4      | Found an ornate altar of the Wu Jian Council.
  4239 | D:4      | Found a sand-covered staircase.
  4334 | Ossuary  | Entered an ossuary
  4432 | Ossuary  | Reached XP level 6. HP: 43/43 MP: 9/9
  4671 | Ossuary  | Reached skill level 4 in Crossbows
  4882 | Ossuary  | Reached XP level 7. HP: 29/48 MP: 9/11
  5562 | D:4      | Found a white marble altar of Elyvilon.
  5672 | D:4      | Reached skill level 5 in Crossbows
  5719 | D:4      | Reached skill level 1 in Shields
  5729 | D:4      | Found an ancient bone altar of Kikubaaqudgha.
  5734 | D:4      | Gained mutation: You have sharp fingernails. [demonic
                  | ancestry]
  5734 | D:4      | Reached XP level 8. HP: 51/54 MP: 9/12
  5738 | D:4      | Became a worshipper of Kikubaaqudgha
  5759 | D:5      | Entered Level 5 of the Dungeon
  6257 | D:5      | Reached skill level 5 in Hexes
  7077 | D:5      | Noticed a moth of wrath
  7080 | D:5      | Found a bloodstained altar of Trog.
  7627 | D:6      | Found a staircase to the Ecumenical Temple.
  7644 | Temple   | Entered the Ecumenical Temple
  8233 | D:7      | Noticed Dowan
  8233 | D:7      | Noticed Duvessa
  8263 | D:6      | Learned a level 2 spell: Sticks to Snakes
  8493 | D:6      | Reached skill level 6 in Crossbows
  8575 | D:7      | Reached * piety under Kikubaaqudgha
  8575 | D:7      | Identified Kikubaaqudgha's Compendium of Stolen Souls
                  | (Kikubaaqudgha gifted it to you on level 7 of the Dungeon)
  8575 | D:7      | Received a gift from Kikubaaqudgha
  8819 | D:7      | Reached XP level 9. HP: 59/59 MP: 12/15
  8906 | D:7      | Reached skill level 1 in Necromancy
  9487 | D:7      | Found a glowing silver altar of Zin.
  9488 | D:7      | Found an opulent altar of Gozag.
 10055 | D:7      | Killed Duvessa
 10229 | D:7      | Killed Dowan
 10229 | D:7      | Reached skill level 5 in Spellcasting
 10367 | D:7      | Reached ** piety under Kikubaaqudgha
 10741 | D:7      | Noticed Blork the orc
 10752 | D:7      | Killed Blork the orc
 10752 | D:7      | Reached skill level 5 in Dodging
 11002 | D:7      | Reached skill level 7 in Crossbows
 11052 | D:7      | Learned a level 3 spell: Vampiric Draining
 11055 | D:7      | Learned a level 2 spell: Sublimation of Blood
 11407 | D:8      | Noticed a purple ugly thing
 11522 | D:8      | Reached XP level 10. HP: 65/65 MP: 18/18
 11534 | D:8      | Noticed Harold
 11602 | D:8      | Killed Harold
 11957 | D:8      | Killed a purple ugly thing
 11957 | D:8      | Reached skill level 5 in Necromancy
 12519 | D:9      | Reached skill level 1 in Transmutations
 12726 | D:9      | Reached *** piety under Kikubaaqudgha
 12726 | D:9      | Identified Kikubaaqudgha's Collected Works on Evil Magic
                  | (Kikubaaqudgha gifted it to you on level 9 of the Dungeon)
 12726 | D:9      | Received a gift from Kikubaaqudgha
 12844 | D:9      | Learned a level 4 spell: Animate Dead
 13152 | D:9      | Got a ripped robe
 13163 | D:9      | Identified the cursed +1 robe of Resourcefulness {rF+ MR+
                  | Str+3} (You found it on level 9 of the Dungeon)
 13541 | D:10     | Entered Level 10 of the Dungeon
 13541 | D:10     | Found a staircase to the Lair.
 13551 | D:10     | Reached skill level 5 in Armour
 13565 | Lair:1   | Entered Level 1 of the Lair of Beasts
 13565 | Lair:1   | Noticed a black mamba
 13574 | Lair:1   | Killed a black mamba
 13574 | Lair:1   | Reached skill level 8 in Crossbows
 13623 | Lair:1   | Found a frozen archway.
 13646 | IceCv    | Entered an ice cave
 13954 | IceCv    | HP: 1/65 [freezing wraith (21)]
 13954 | IceCv    | Slain by a freezing wraith

Skill      XL: |  1  2  3  4  5  6  7  8  9 10 |
---------------+-------------------------------+-----
Crossbows      | 2 3 4 5 6 7 8 |  8.1
Dodging        | 2 3 4 5 |  5.8
Armour         | 1 2 3 4 5 |  5.0
Spellcasting   | 2 3 4 5 6 |  6.7
Hexes          | 4 5 |  5.5
Shields        | 1 3 4 |  4.0
Necromancy     | 4 6 |  6.2
Transmutations | 2 |  2.6
Fighting       | |  1.0
Throwing       | |  0.1

Action                   |  1- 3 |  4- 6 |  7- 9 | 10-12 || total
-------------------------+-------+-------+-------+-------++-------
Melee: Club              |    82 |       |       |       ||    82
       Spear             |       |   171 |    79 |       ||   250
       Hand axe          |       |       |   226 |       ||   226
       Rapier            |       |       |    64 |   133 ||   197
       War axe           |       |       |     6 |       ||     6
       Whip              |       |       |     2 |       ||     2
       Dagger            |       |       |     1 |       ||     1
 Fire: Hand crossbow     |    62 |    97 |    59 |    18 ||   236
Throw: Stone             |    14 |       |    14 |       ||    28
       Tomahawk          |       |       |    22 |     2 ||    24
 Cast: Corona            |    14 |     3 |    31 |     9 ||    57
       Slow              |    22 |    21 |    81 |    13 ||   137
       Vampiric Draining |       |       |       |    13 ||    13
       Animate Dead      |       |       |       |     4 ||     4
Invok: Receive Corpses   |       |       |       |     4 ||     4
  Use: Scroll            |       |       |     5 |     1 ||     6
       Potion            |       |       |       |     2 ||     2
 Stab: Sleeping          |       |       |     1 |       ||     1
  Eat: Chunk             |     6 |     9 |    23 |    10 ||    48
       Ration            |       |       |     1 |       ||     1
Armor: Robe              |    42 |    88 |    42 |    17 ||   189
       Ring mail         |       |       |    78 |    24 ||   102
Dodge: Dodged            |    94 |   137 |   193 |   107 ||   531
Block: Buckler           |       |       |    60 |    32 ||    92
